Map: Ultralove

Players

yxscboy - Winner!

  • Race: Protoss Protoss
  • League: Master
  • Spawn Location: 7:00

ManlyManMeat

  • Race: Zerg Zerg
  • League: Master
  • Spawn Location: 1:00

VOD

Have the link to the VOD?

Description

Time

  • Played on: June 17, 2025, 10:19 a.m.
  • Length: 11:11
Show
View Real Time Build Order
Export as new Build Order

yxscboy Protoss - Winner!

Build Orders: 1 Gate Expand 

Get SALT Encoding   

  12  0:01  Probe  
  13  0:13  Probe  
  14  0:23  Pylon  
  14  0:26  Probe  
  15  0:40  Probe  
  16  0:44  Gateway  
  16  0:48  Probe  
  16  0:56  Probe  
  18  1:07  Probe  
  19  1:20  Probe  
  19  1:22  Nexus  
  20  1:28  Probe  
  21  1:35  Cybernetics Core  
  21  1:38  Probe  
  21  1:44  Pylon  
  22  1:50  Probe  
  22  1:51  Assimilator  
  23  1:55  Assimilator, Zealot  
  23  2:06  Probe  
  26  2:18  Probe  
  27  2:27  Pylon  
  27  2:30  Probe  
  27  2:31  Pylon  
  27  2:36  Probe  
  28  2:39  Forge  
  28  2:43  Probe  
  30  2:44  Probe  
  30  2:51  Pylon  
  31  2:52  Probe  
  31  2:55  Probe  
  33  3:04  Probe  
  34  3:07  Probe  
  34  3:10  Stargate  
  34  3:12  Probe  
  35  3:13  Sentry  
  35  3:19  Probe  
  39  3:20  Probe  
  39  3:24  Photon Cannon  
  40  3:30  Warp Gate, Probe x2  
  42  3:34  Assimilator  
  42  3:37  Assimilator  
  42  3:38  Probe  
  42  3:42  Probe  
  42  3:45  Pylon  
  42  3:47  Probe  
  44  3:51  Pylon  
  44  3:54  Probe  
  46  3:56  Void Ray  
  46  3:57  Probe  
  51  4:05  Pylon  
  51  4:07  Probe  
  51  4:09  Probe  
  53  4:19  Probe  
  53  4:21  Twilight Council  
  53  4:22  Probe  
  55  4:31  Probe  
  56  4:34  Probe  
  56  4:35  Protoss Ground Weapons Level 1, Void Ray  
  61  4:43  Probe  
  62  4:46  Probe  
  63  4:55  Probe  
  63  4:58  Probe  
  65  5:05  Gateway x2  
  65  5:07  Probe  
  65  5:10  Probe  
  71  5:18  Void Ray  
  71  5:19  Probe  
  72  5:22  Probe  
  72  5:27  Pylon  
  73  5:30  Charge  
  73  5:31  Probe  
  73  5:32  Nexus  
  74  5:37  Pylon, Probe  
  74  5:38  Zealot  
  77  5:43  Probe  
  77  5:49  Probe  
  79  5:52  Gateway  
  79  5:53  Gateway  
  79  5:55  Probe  
  80  5:59  Photon Cannon  
  80  6:02  Photon Cannon  
  80  6:06  Shield Battery  
  80  6:07  Probe  
  80  6:08  Shield Battery, Probe  
  80  6:09  Zealot x3  
  88  6:14  Robotics Facility  
  88  6:20  Gateway  
  88  6:21  Protoss Ground Armor Level 1  
  88  6:22  Gateway  
  88  6:26  Gateway  
  88  6:33  Probe x2  
  88  6:37  Zealot x3  
  96  6:45  Probe x2  
  98  6:51  Zealot x2  
  98  6:52  Probe  
  103  6:56  Assimilator x2  
  103  6:57  Probe x2  
  103  7:00  Zealot x2  
  103  7:01  Zealot  
  111  7:04  Probe  
  111  7:06  Pylon  
  112  7:08  Pylon  
  112  7:13  Templar Archives  
  112  7:14  Zealot x2  
  116  7:18  Probe x2  
  116  7:19  Probe  
  116  7:21  Immortal  
  113  7:40  Nexus  
  113  7:41  Pylon, Zealot  
  113  7:42  Zealot x2  
  113  7:44  Pylon  
  119  7:45  Probe x3  
  122  7:55  High Templar x2  
  122  7:56  High Templar x3  
  132  8:00  Observer  
  132  8:01  Archon x2  
  133  8:07  High Templar  
  133  8:08  High Templar x2  
  133  8:09  Probe  
  140  8:12  Photon Cannon  
  140  8:13  Gateway  
  140  8:15  Photon Cannon  
  140  8:16  Shield Battery  
  140  8:18  Immortal  
  144  8:20  Probe x2  
  144  8:21  Photon Cannon  
  144  8:22  Archon  
  144  8:26  Protoss Ground Armor Level 2  
  146  8:32  Archon  
  146  8:45  Zealot  
  146  8:46  Zealot x4  
  156  8:53  Gateway  
  156  8:56  Assimilator  
  156  8:57  Immortal  
  156  9:00  Assimilator  
  156  9:02  Robotics Facility  
  160  9:07  Zealot x5  
  160  9:08  Zealot  
  172  9:16  Gateway  
  172  9:39  Pylon  
  172  9:40  Pylon  
  172  9:41  Pylon  
  172  9:44  Forge x2  
  172  9:47  Fleet Beacon  
  172  9:50  Warp Prism  
  172  9:56  Photon Cannon  
  172  9:59  Pylon x2, Photon Cannon  
  174  10:00  Probe x2  
  174  10:02  High Templar x4  
  174  10:03  High Templar x4  
  174  10:04  High Templar x2  
  174  10:06  Archon  
  196  10:07  Archon x3  
  196  10:08  Archon  
  196  10:28  Oracle  
  196  10:29  Observer  
  196  10:33  Observer  
  198  10:46  Observer  
  183  11:00  Zealot x6  
  183  11:01  Zealot x5  
Show
View Real Time Build Order
Export as new Build Order

ManlyManMeat Zerg 

Build Orders: Hatch First 

Get SALT Encoding   

  12  0:00  Drone  
  13  0:12  Overlord  
  13  0:17  Drone  
  14  0:31  Drone x2  
  14  0:34  Drone  
  17  0:50  Hatchery  
  17  0:54  Drone  
  17  1:09  Spawning Pool  
  17  1:10  Extractor  
  15  1:12  Drone  
  15  1:17  Drone  
  17  1:19  Drone  
  18  1:33  Drone  
  18  1:38  Drone  
  20  1:49  Drone  
  21  2:00  Overlord  
  21  2:01  Queen x2  
  21  2:05  Zergling x2  
  26  2:14  Zergling x2  
  27  2:20  Drone  
  27  2:22  Metabolic Boost  
  28  2:33  Drone x2  
  28  2:34  Drone  
  28  2:35  Drone  
  32  2:39  Queen  
  34  2:44  Overlord  
  34  2:48  Overlord  
  34  3:05  Drone x2  
  36  3:10  Zergling x4  
  38  3:12  Hatchery  
  38  3:15  Drone x2  
  38  3:16  Drone  
  40  3:29  Lair  
  40  3:34  Roach Warren  
  40  3:36  Drone x3  
  42  3:41  Drone x2  
  42  3:42  Drone  
  42  3:47  Extractor  
  42  3:48  Extractor  
  43  3:49  Extractor  
  42  3:57  Overlord x2  
  42  4:03  Drone  
  42  4:04  Drone x4  
  47  4:20  Spore Crawler  
  47  4:21  Baneling Nest, Spore Crawler  
  47  4:23  Drone x5  
  47  4:24  Drone  
  50  4:31  Queen  
  52  4:41  Drone x4  
  56  4:53  Queen  
  56  4:55  Overlord x2  
  58  5:00  Spore Crawler  
  58  5:01  Spore Crawler  
  58  5:03  Drone x3  
  58  5:05  Drone  
  60  5:08  Centrifugal Hooks  
  59  5:32  Evolution Chamber  
  59  5:35  Drone x3  
  61  5:36  Drone  
  61  5:37  Evolution Chamber  
  61  5:39  Hydralisk Den  
  60  5:52  Drone  
  60  5:53  Drone x6  
  60  5:54  Drone  
  60  5:57  Zergling x18  
  77  6:08  Hatchery  
  76  6:12  Overlord x2  
  76  6:13  Grooved Spines  
  76  6:16  Zerg Melee Weapons Level 1, Zerg Ground Armor Level 1  
  76  6:20  Zergling x8  
  76  6:24  Overseer  
  80  6:41  Hydralisk  
  80  6:42  Hydralisk x7  
  96  6:48  Overseer  
  96  6:50  Baneling x6  
  96  6:51  Baneling  
  96  6:57  Hydralisk  
  96  7:01  Overlord x4  
  98  7:12  Muscular Augments  
  95  7:29  Zergling x26  
  95  7:33  Queen  
  97  7:39  Hydralisk x6  
  109  7:45  Drone x5  
  114  8:02  Zergling x20  
  124  8:08  Queen  
  125  8:32  Zergling x28  
  127  8:42  Overlord x4  
  127  8:57  Overlord x4  
  127  8:58  Overlord  
  127  9:03  Baneling x2  
  115  9:21  Drone x4  
  115  9:22  Drone x2  
  119  9:27  Infestation Pit  
  118  9:50  Hydralisk x15  
  148  9:53  Drone x4  
  148  9:54  Drone x4  
  148  9:57  Extractor  
  148  9:58  Extractor  
  148  9:59  Zergling x4  
  156  10:23  Hatchery  
  155  10:34  Infestor x5  
  165  10:43  Baneling x4  
Tags
 
Add a new tag
Caveats
  • Supply blocks, unpowered buildings, or Contaminate may cause inaccurate times.
  • Supply counts are checked every 10 seconds.